 Dungeon Crawl Stone Soup version 0.28-a0-479-g5baa6b73be (webtiles) character file.

Game seed: 10615560785488662096

234 Armakuni the Cudgeller (level 6, 0/48 HPs)
             Began as a Human Monk on Sept 18, 2021.
             Was an Initiate of Gozag.
             Slain by an orc (5 damage)
             ... on level 3 of the Dungeon.
             The game lasted 00:08:05 (3743 turns).

Armakuni the Cudgeller (Human Monk)                 Turns: 3743, Time: 00:08:06

Health: 0/48       AC:  5    Str: 14    XL:     6   Next: 26%
Magic:  6/6        EV: 12    Int:  8    God:    Gozag
Gold:   109        SH:  0    Dex: 15    Spells: 4/5 levels left

rFire   . . .      SeeInvis +   a - +0 flail
rCold   . . .      Faith    .   (no shield)
rNeg    . . .      Spirit   .   o - +0 leather armour
rPois   .          Reflect  .   i - +0 helmet {SInv}
rElec   .          Harm     .   (no cloak)
rCorr   .          Rampage  .   b - +0 pair of gloves
Will    .....      Rage     1%  (no boots)
Stlth   ++........              (no amulet)
HPRegen 0.16/turn               (no ring)
MPRegen 0.10/turn               (no ring)

@: lethally poisoned (0 -> -5), gold aura
A: berserk 1, dopey 1, MP-powered wands
a: Renounce Religion, Potion Petition, Call Merchant, Bribe Branch


You were on level 3 of the Dungeon.
You worshipped Gozag.
Gozag was aware of your devotion.
You visited 2 branches of the dungeon, and saw 5 of its levels.

You collected 109 gold pieces.

Inventory:

Hand Weapons
 a - a +0 flail (weapon)
 g - a +0 hunting sling
Missiles
 c - 95 bolts
Armour
 b - a +0 pair of gloves (worn)
 i - a +0 helmet of see invisible (worn)
 o - a +0 leather armour (worn)
Magical Staves
 d - a staff of earth
Wands
 j - a wand of iceblast (4)
Scrolls
 e - 2 scrolls of teleportation
 k - 2 scrolls of fog
 l - a scroll of immolation {unknown}
 m - a scroll of holy word {unknown}
 n - 2 scrolls of noise
Potions
 h - a potion of attraction


   Skills:
 - Level 4.2 Fighting
 - Level 4.2 Maces & Flails
 - Level 3.0 Dodging
 - Level 2.0 Stealth
 + Level 3.6 Evocations


You had 4 spell levels left.
You knew the following spells:

 Your Spells              Type           Power      Damage    Failure   Level
a - Apportation           Tloc           0%         N/A       50%         1

Your spell library contained the following spells:

 Spells                   Type           Power      Damage    Failure   Level
 Call Canine Familiar     Summ           0%         N/A       86%         3
 Portal Projectile        Hex/Tloc       0%         N/A       86%         3
 Leda's Liquefaction      Hex/Erth       0%         N/A       99%         4
 Alistair's Intoxication  Tmut/Pois      0%         N/A       100%        5
 Invisibility             Hex            0%         N/A       100%        6


Dungeon Overview and Level Annotations

Branches:
Dungeon (4/15)             Temple (1/1) D:4

Altars:
Ashenzari
Elyvilon
Fedhas
Gozag
Hepliaklqana
Kikubaaqudgha
Makhleb
Qazlal
Ru
Sif Muna
Trog
Uskayaw
Vehumet
Xom
Yredelemnul

Shops:
D:3 (


Innate Abilities, Weirdness & Mutations

You tend to lose your temper in combat.
You are dopey. (Int -2)
You expend magic power (3 MP) to strengthen your wands.


Message History

The orc wizard is severely wounded.
You feel sick.
You are no longer poisoned.
The orc wizard hits you with a +0 dagger of venom. x2
You are poisoned.
You closely miss the orc wizard.
The orc wizard is severely wounded.
You feel very sick.
The orc wizard hits you but does no damage.
You are more poisoned.
You closely miss the orc wizard.
The orc wizard is severely wounded.
* * * LOW HITPOINT WARNING * * *
You feel very sick.
The orc wizard hits you with a +0 dagger of venom.
* * * LOW HITPOINT WARNING * * *
You are lethally poisoned!
You feel better. The orc wizard barely misses you.
You hit the orc wizard but do no damage.
The orc wizard is severely wounded.
The orc wizard hits you but does no damage.
You hit the orc wizard but do no damage.
The orc wizard is severely wounded.
The orc wizard hits you with a +0 dagger of venom.
You are poisoned.
You sock the orc wizard!
You kill the orc wizard!
* * * LOW HITPOINT WARNING * * *
You feel very sick. The orc closely misses you.
You hit the orc.
The orc is heavily wounded.
You feel sick. The orc hits you with a +0 mace.
* * * LOW HITPOINT WARNING * * *
You hit the orc.
You kill the orc!
* * * LOW HITPOINT WARNING * * *
You feel sick. The orc hits you with a +0 war axe.
You die...
Your body crumbles into a pile of gold.

.#.#.#### #...# #.......#..
........# #...# #.......###
...#.##.####...##### #...###.#..
...#.##............## #.#..##.#..
....................# #..........
#..##.#.............# #.......#..
#.......##.....))##.###.##.##.#..
##..#.####.#...#)##...........###
###.#.# #.#...#@#########.######
###.#.# #.#...#o# #.#.....
......# #.##.##.# #.#.####
###.### #...o...# #.#.# # ###.#
####.#### #.#.# # .†..# #...#
#...# # #####
######.############## #
##.......<......# #
#####...###.#######.# #


You could see an orc.

Vanquished Creatures
  An ogre (D:4)
  An orc wizard (D:3)
  Robin (D:3)
  2 adders
  3 gnolls (D:3)
  A white imp (D:3)
  A worm (D:2)
  A dart slug (D:1)
  4 orcs (D:3)
  2 endoplasms
  2 giant cockroaches
  11 goblins
  6 hobgoblins
  4 kobolds (D:1)
  4 quokkas
  4 ball pythons
  3 bats
  2 frilled lizards (D:1)
  5 rats
58 creatures vanquished.

Notes
Turn   | Place    | Note
-------+----------+-------------------------------------------
     0 | D:1      | Armakuni the Human Monk began the quest for the Orb.
     0 | D:1      | Reached XP level 1. HP: 18/18 MP: 1/1
   297 | D:1      | Reached XP level 2. HP: 24/24 MP: 2/2
   808 | D:1      | Reached XP level 3. HP: 29/29 MP: 3/3
  1672 | D:3      | Gained mutation: You are dopey. (Int -2) [potion of
                  | mutation]
  1672 | D:3      | Gained mutation: You tend to lose your temper in combat.
                  | [potion of mutation]
  1672 | D:3      | Gained mutation: You expend magic power (3 MP) to
                  | strengthen your wands. [potion of mutation]
  1783 | D:2      | Reached XP level 4. HP: 37/37 MP: 4/4
  2499 | D:3      | Noticed Robin
  2515 | D:3      | Killed Robin
  2568 | D:3      | Found a hide-covered altar of Uskayaw.
  2569 | D:3      | Found a radiant altar of Vehumet.
  2572 | D:3      | Found a shimmering altar of Xom.
  2572 | D:3      | Found a stormy altar of Qazlal.
  2721 | D:3      | Reached XP level 5. HP: 42/42 MP: 5/5
  2931 | D:3      | Found Zygi's Weapon Shop.
  2986 | D:3      | Reached skill level 1 in Evocations
  3215 | D:4      | Learned a level 1 spell: Apportation
  3221 | D:4      | Found a staircase to the Ecumenical Temple.
  3228 | Temple   | Entered the Ecumenical Temple
  3433 | Temple   | Became a worshipper of Gozag Ym Sagoz the Greedy
  3471 | D:4      | Noticed an ogre
  3473 | D:4      | Killed an ogre
  3474 | D:4      | Reached XP level 6. HP: 48/48 MP: 0/6
  3743 | D:3      | Slain by an orc

Illustrated notes

Levels and vault maps discovered:
D:1:      sevenhm_arrival_forest_fort_small_4, layout_basic
D:2:      layout_rooms
D:3:      layout_loops_cross, grunt_temple_overflow_open, serial_shops, shop,
          uniq_robin
D:4:      layout_basic, mainiacjoe_overflow_alcove_4, temple_green, uniq_edmund
Temple:   minmay_temple_curvy_loop

Skill      XL: |  1  2  3  4  5 |
---------------+----------------+-----
Fighting       | 4 |  4.2
Maces & Flails | 4 |  4.2
Evocations     | 3 |  3.6
Dodging        | |  3.0
Stealth        | |  2.0

Action                   |  1- 3 |  4- 6 || total
-------------------------+-------+-------++-------
Melee: Whip              |   126 |   103 ||   229
       Mace              |    10 |       ||    10
       Flail             |       |    20 ||    20
Evoke: Wand              |       |     2 ||     2
  Use: Scroll            |     6 |     2 ||     8
       Potion            |     2 |     2 ||     4
 Stab: Sleeping          |     3 |     2 ||     5
       Distracted        |     1 |       ||     1
Armor: Robe              |    16 |     6 ||    22
       Skin              |    12 |       ||    12
       Leather armour    |       |     9 ||     9
Dodge: Dodged            |    80 |    78 ||   158

Table legend: (Time is in decaauts)
 A = Elapsed time spent in this place.
 B = Non-inter-level travel time spent in this place.
 C = Inter-level travel time spent in this place.
 D = Time resting spent in this place.
 E = Time spent auto-exploring this place.
 F = Levels seen in this place.
 G = Mean time per level.
                   A        B        C        D        E       F      G
               +--------+--------+--------+--------+--------+-----+--------+
         Total |   3773 |   3594 |    179 |    662 |   1898 |   5 |  754.6 |
       Dungeon |   3538 |   3387 |    151 |    662 |   1709 |   4 |  884.5 |
        Temple |    234 |    206 |     28 |      0 |    189 |   1 |  234.0 |
               +--------+--------+--------+--------+--------+-----+--------+

Top non-repeatable levels by time:
     D:3: 1567 daAuts
     D:1: 1169 daAuts
     D:2: 622 daAuts
  Temple: 234 daAuts
     D:4: 178 daAuts
